 Dungeon Crawl Stone Soup version 0.31.0-11-ge490571c62 (webtiles) character file.

Game seed: 1694381323797862542

161 qw the Skirmisher (level 5, -11/29 HPs)
             Began as a Deep Elf Hunter on Feb 4, 2024.
             Mangled by Pikel
             ... wielding a +2 whip of electrocution
              (16 damage)
             ... on level 4 of the Dungeon.
             The game lasted 00:00:10 (2703 turns).

qw the Skirmisher (Deep Elf Hunter)                 Turns: 2703, Time: 00:00:10

Health: -11/29     AC:  7    Str: 10    XL:     5   Next: 18%
Magic:  0/7        EV: 11    Int: 14    God:
Gold:   101        SH:  0    Dex: 18    Spells: 4/4 levels left

rFire   + . .        a - +0 shortbow
rCold   . . .        (shield currently unavailable)
rNeg    . . .        b - +0 ring mail
rPois   +            d - +0 helmet
rElec   .            (no cloak)
rCorr   .            (no gloves)
SInv    .            k - +0 pair of boots
Will    .....        j - amulet of guardian spirit
Stlth   +            i - ring of protection from fire
HPRegen 0.24/turn    l - ring of poison resistance
MPRegen 0.10/turn

%: guardian spirit
@: no status effects
A: no striking features
a: no special abilities


You were on level 4 of the Dungeon.
You visited 1 branch of the dungeon, and saw 4 of its levels.

You collected 101 gold pieces.


   Skills:
 - Level 1.5 Fighting
 + Level 8.6 Ranged Weapons
 - Level 2.4 Dodging
 - Level 1.2 Stealth


You had 4 spell levels left.
You didn't know any spells.
Your spell library was empty.

Inventory:

Hand Weapons
 a - a +0 shortbow (weapon)
Armour
 b - a +0 ring mail (worn)
 d - a +0 helmet (worn)
 k - a +0 pair of boots (worn)
Jewellery
 i - a ring of protection from fire (left hand)
 j - an amulet of guardian spirit (around neck)
 l - a ring of poison resistance (right hand)
Scrolls
 h - 2 scrolls of teleportation
Potions
 e - a potion of berserk rage {unknown}
 f - a potion of lignification {unknown}
 g - 3 potions of curing

Dungeon Overview and Level Annotations

Branches:
Dungeon (4/15)
 Temple: D:4-7

Altars:
Ru

Annotations:
D:2 1 runed translucent door, Crazy Yiuf
D:4 Pikel


Message History

The arrow hits the lemure but does no damage.
The lemure hits you but does no damage.
You shoot an arrow. The arrow hits the lemure.
The lemure is lightly wounded.
A goblin comes into view.
It is wielding a +0 dagger of distortion.
A lemure comes into view.
The lemure barely misses you.
You shoot an arrow. The arrow closely misses the lemure.
The lemure shouts!
The arrow hits Pikel!
Pikel is moderately wounded.
You hear an angry hiss.
The lemure hits you but does no damage.
You shoot an arrow. The arrow closely misses the lemure.
The arrow hits Pikel but does no damage.
Pikel is moderately wounded.
You shoot an arrow.
The arrow hits Pikel but does no damage.
Pikel is moderately wounded.
An adder comes into view.
You shoot an arrow.
The arrow hits Pikel but does no damage.
Pikel is moderately wounded.
Pikel hits you but does no damage.
Pikel hits you with a +2 whip of electrocution.
You shoot an arrow. The arrow hits Pikel.
Pikel is moderately wounded.
Pikel closely misses you.
You shoot an arrow.
The arrow hits Pikel but does no damage.
Pikel is moderately wounded.
Pikel hits you with a +2 whip of electrocution!
You are electrocuted!
You shoot an arrow. The arrow hits Pikel.
Pikel is moderately wounded.
Pikel hits you with a +2 whip of electrocution.
You are electrocuted!!
Ouch! That really hurt!
You die...
Pikel says, "Another soul for the market."

. .. ... ....
####.....
#####55g.....
#..@K55S#
#..######
####


You could see Pikel, 4 lemures, an adder and a goblin.

Vanquished Creatures
  Jessica (D:2)
  Terence (D:2)
  An orc wizard (D:3)
  An adder (D:3)
  A dart slug (D:1)
  A ribbon worm (D:2)
  5 orcs (D:3)
  6 endoplasms
  5 giant cockroaches
  5 goblins
  2 hobgoblins
  5 jackals
  3 kobolds
  8 ball pythons
  12 bats
  4 frilled lizards
  4 rats
65 creatures vanquished.

Notes
Turn   | Place    | Note
-------+----------+-------------------------------------------
     0 | D:1      | qw the Deep Elf Hunter began the quest for the Orb.
     0 | D:1      | Reached XP level 1. HP: 12/12 MP: 3/3
     0 | D:1      | 0 ||| qw: Version: 0.3-a-160-g6735b56
     0 | D:1      | 0 ||| qw: Game counter: 4389
     0 | D:1      | 0 ||| qw: Melee chars always use a shield: true
     0 | D:1      | 0 ||| qw: God list: Okawaru
     0 | D:1      | 0 ||| qw: Allow faded altars: false
     0 | D:1      | 0 ||| qw: Do Orc after clearing Dungeon:15 true
     0 | D:1      | 0 ||| qw: Do second Lair branch before Depths: true
     0 | D:1      | 0 ||| qw: Lair rune preference: random
     0 | D:1      | 0 ||| qw: Goals: Normal
     0 | D:1      | 0 ||| PLANNING D:1-11
   107 | D:1      | Found a faded altar of an unknown god.
   180 | D:1      | Reached skill level 6 in Ranged Weapons
   180 | D:1      | Reached XP level 2. HP: 11/16 MP: 4/4
   471 | D:1      | Reached XP level 3. HP: 20/20 MP: 5/5
   688 | D:1      | 688 ||| UPGRADING to +0 helmet.
   693 | D:1      | 693 ||| DROPPING scroll of butterflies.
   752 | D:2      | Noticed Terence
   760 | D:2      | HP: 3/20 [Terence/+0 short sword (3)]
   761 | D:2      | HP: 1/20 [Terence/+0 short sword (2)]
   764 | D:2      | Killed Terence
   765 | D:2      | Reached skill level 7 in Ranged Weapons
   930 | D:2      | Noticed Jessica
   932 | D:2      | Killed Jessica
   933 | D:2      | Reached XP level 4. HP: 13/25 MP: 6/6
  1414 | D:2      | Found a runed translucent door.
  1415 | D:2      | Noticed Crazy Yiuf
  1558 | D:2      | 1558 ||| DROPPING amulet of magic regeneration.
  1559 | D:2      | 1559 ||| UPGRADING to amulet of guardian spirit.
  1564 | D:2      | 1564 ||| READING 2 scrolls labelled VUUMYH UQEMAMO.
  1632 | D:2      | 1632 ||| READING scroll labelled AHACUROAMO.
  1733 | D:2      | 1733 ||| READING scroll labelled BYPHUBI BEPNEZY.
  1733 | D:2      | 1733 ||| IDENTIFYING fizzy orange potion
  1734 | D:2      | 1734 ||| DRINKING 3 clear potions.
  1735 | D:2      | 1735 ||| DRINKING 2 bubbling orange potions.
  1736 | D:2      | 1736 ||| DROPPING potion of invisibility.
  1737 | D:2      | 1737 ||| DROPPING potion of attraction.
  1878 | D:3      | Reached skill level 8 in Ranged Weapons
  1898 | D:3      | 1898 ||| FLEEEEING.
  1899 | D:3      | 1899 ||| FLEEEEING.
  1900 | D:3      | 1900 ||| FLEEEEING.
  1901 | D:3      | 1901 ||| FLEEEEING.
  1902 | D:3      | 1902 ||| FLEEEEING.
  1964 | D:3      | Found a sacrificial altar of Ru.
  2228 | D:3      | Reached XP level 5. HP: 27/29 MP: 5/7
  2638 | D:3      | 2638 ||| UPGRADING to +0 ring mail.
  2648 | D:3      | 2648 ||| DROPPING +0 leather armour.
  2649 | D:3      | 2649 ||| UPGRADING to +0 pair of boots.
  2654 | D:3      | 2654 ||| UPGRADING to ring of protection from fire.
  2655 | D:3      | 2655 ||| UPGRADING to ring of poison resistance.
  2686 | D:4      | Noticed a lemure
  2686 | D:4      | Noticed a lemure
  2687 | D:4      | 2687 ||| RETREEEEATING.
  2688 | D:4      | 2688 ||| RETREEEEATING.
  2690 | D:4      | Noticed a lemure
  2691 | D:4      | Noticed Pikel
  2696 | D:4      | Noticed a lemure
  2703 | D:4      | HP: 5/29 [Pikel/+2 whip of electrocution (4)]
  2703 | D:4      | Mangled by Pikel

Levels and vault maps discovered:
D:1:      roderic_dead_forest, layout_basic, dilly_ecumenical_altar_fadedgnrine,
          chequers_serial_rivers_small_b
D:2:      minmay_spotlight, layout_loops_ring, uniq_terence,
          uniq_crazy_yiuf_cottage, uniq_jessica
D:3:      layout_basic, nicolae_ru_great_annihilating_truth,
          serial_bayou_lagoon_a, minmay_misc_feat_doors
D:4:      layout_layer_cave, grunt_dithmenos_smoke_and_mirrors,
          ebering_ghost_disaster_area, uniq_natasha, uniq_menkaure, uniq_pikel

Skill      XL: |  1  2  3  4 |
---------------+-------------+-----
Ranged Weapons | 6 7 8 |  8.6
Fighting       | |  1.5
Dodging        | |  2.4
Stealth        | |  1.2

Action                     |  1- 3 |  4- 6 || total
---------------------------+-------+-------++-------
   Fire: Shortbow          |   106 |    97 ||   203
    Use: Scroll            |       |     3 ||     3
         Potion            |       |     2 ||     2
 Armour: Leather armour    |    34 |    26 ||    60
         Ring mail         |       |     6 ||     6
  Dodge: Dodged            |    33 |    23 ||    56

Table legend:
 A = Non-vault XP
 B = Vault XP
 C = Vault XP percentage of total XP
 D = Non-vault monster count
 E = Vault monster count
 F = Vault count percentage of total count
                 A         B        C        D         E       F
            +---------+---------+-------+---------+---------+-------
      Total |     104 |     126 |  54.8 |      54 |      11 |  16.9
            +---------+---------+-------+---------+---------+-------
        D:1 |      47 |       0 |   0.0 |      29 |       0 |   0.0
        D:2 |      14 |      85 |  85.9 |      10 |       7 |  41.2
        D:3 |      43 |      41 |  48.8 |      15 |       4 |  21.1
            +---------+---------+-------+---------+---------+-------
